 Dungeon Crawl Stone Soup version 0.27-a0-1139-g28e009f8a6 (webtiles) character file.

Game seed: 13586945046966575825

12567 Zeld the Deadly Accurate (level 11, -2/72 HPs)
             Began as an Octopode Fighter on May 7, 2021.
             Was a Believer of Okawaru.
             Slain by an unseen horror (9 damage)
             ... on level 11 of the Dungeon.
             The game lasted 00:31:25 (25379 turns).

Zeld the Deadly Accurate (Octopode Fighter)        Turns: 25379, Time: 00:31:26

Health: -2/72      AC:  9    Str: 24    XL:     11   Next: 95%
Magic:  11/11      EV: 11    Int: 10    God:    Okawaru [**....]
Gold:   911        SH: 14    Dex: 11    Spells: 10/10 levels left

rFire    . . .     SeeInvis .   a - +0 war axe (protect)
rCold    + + .     Faith    .   b - +4 kite shield
rNeg     . . .     Spirit   .   A - +2 hat
rPois    .         Reflect  .   f - amulet of regeneration
rElec    .         Harm     .   q - ring of protection from cold
rCorr    .         Rampage  .   t - +6 ring of strength
Will     .....                  o - +4 ring of protection
Stlth    ++........             k - ring of protection from cold
HPRegen  1.22/turn              (no ring)
MPRegen  0.12/turn              (no ring)
                                (no ring)
                                (no ring)

@: brilliant, weak-willed, marked
A: almost no armour, amphibious, 8 rings, camouflage 1, gelatinous body 1,
(nimble swimmer 1), tentacles, iridescent scales 1, dopey 1, screaming 1
a: Renounce Religion, Heroism


You were on level 11 of the Dungeon.
You worshipped Okawaru.
Okawaru was pleased with you.
You visited 2 branches of the dungeon, and saw 12 of its levels.
You also visited: Bailey.

You collected 1448 gold pieces.
You spent 537 gold pieces at shops.

Inventory:

Hand Weapons
 a - a +0 war axe of protection (weapon)
Missiles
 h - 92 poisoned darts (quivered)
 j - 20 javelins
 n - 31 boomerangs
Armour
 b - a +4 kite shield (worn)
 A - a +2 hat (worn)
Jewellery
 f - an amulet of regeneration (around mantle)
 k - a ring of protection from cold (on tentacle)
 o - a +4 ring of protection (on tentacle)
 q - a ring of protection from cold (left tentacle)
 t - a +6 ring of strength (right tentacle)
Wands
 c - a wand of digging (7)
 w - a wand of flame (66)
 z - a wand of charming (14)
Scrolls
 x - 2 scrolls of noise
Potions
 i - a potion of resistance {unknown}
 m - 2 potions of attraction {unknown}
 p - a potion of heal wounds {unknown}
 s - a potion of invisibility {unknown}
 u - a potion of berserk rage {unknown}
 v - a potion of haste {unknown}
 B - a potion of flight {unknown}
 D - a potion of brilliance
Miscellaneous
 y - a phial of floods


   Skills:
 - Level 6.0 Fighting
 - Level 5.5 Axes
 * Level 15.5 Throwing
 - Level 3.0 Dodging
 - Level 5.9 Shields


You had 10 spell levels left.
You didn't know any spells.
Your spell library contained the following spells:

 Spells                   Type           Power      Damage    Failure   Level
 Apportation              Tloc           0%         N/A       77%         1
 Beastly Appendage        Tmut           0%         N/A       77%         1
 Sting                    Tmut/Pois      0%         1d3       77%         1
 Summon Small Mammal      Summ           0%         N/A       77%         1
 Call Imp                 Summ           0%         N/A       88%         2
 Poisonous Vapours        Pois/Air       0%         N/A       88%         2
 Wereblood                Tmut           0%         N/A       88%         2
 Call Canine Familiar     Summ           0%         N/A       98%         3
 Ignite Poison            Fire/Tmut/Pois 0%         N/A       98%         3
 Lesser Beckoning         Tloc           0%         N/A       98%         3
 Mephitic Cloud           Conj/Pois/Air  0%         N/A       98%         3
 Spider Form              Tmut/Pois      0%         N/A       98%         3
 Summon Guardian Golem    Hex/Summ       0%         N/A       98%         3
 Tukima's Dance           Hex            0%         N/A       98%         3
 Ice Form                 Ice/Tmut       0%         N/A       100%        4
 Olgreb's Toxic Radiance  Pois           0%         N/A       100%        4
 Summon Ice Beast         Ice/Summ       0%         N/A       100%        4
 Summon Lightning Spire   Summ/Air       0%         N/A       100%        4
 Alistair's Intoxication  Tmut/Pois      0%         N/A       100%        5
 Hydra Form               Tmut           0%         N/A       100%        5
 Invisibility             Hex            0%         N/A       100%        6


Dungeon Overview and Level Annotations

Branches:
Dungeon (11/15)            Temple (1/1) D:7            Lair (0/6) D:10
    Orc (0/2) D:9          Bailey (visited)

Altars:
Ashenzari
Cheibriados
Dithmenos
Elyvilon
Fedhas
Gozag
Hepliaklqana
Kikubaaqudgha
Makhleb
Nemelex Xobeh
Okawaru
Qazlal
Ru
Sif Muna
Trog
Uskayaw
Vehumet
Wu Jian
Xom
Yredelemnul
Zin
The Shining One
Beogh

Shops:
D:2 ?   D:11 (

Annotations:
D:11 4 exclusions


Innate Abilities, Weirdness & Mutations

You cannot wear most types of armour.
You are amphibious.
You can wear up to eight rings at the same time.
Your skin changes colour to match your surroundings (Stealth+).
Your rubbery body absorbs attacks. (AC +1, EV +1)
((You are camouflaged near water. (Stealth+)))
You have tentacles for arms and can constrict up to eight enemies at once.
You are partially covered in iridescent scales. (AC +2)
You are dopey. (Int -2)
You occasionally shout uncontrollably at your foes.


Message History

Something hits you but does no damage. Something hits you.
Something hits you. x2
Something hits you. Something hits you!
Okay, then.
Something hits you. Something hits you but does no damage.
Something hits you but does no damage. x2
Something hits you. x2
As you read the scroll labelled MOUCUST RUORR, it crumbles to dust.
You hear a loud clanging noise!
It was a scroll of noise.
Something hits you but does no damage. Something hits you.
Something hits you but does no damage. You block something's attack.
Something hits you.
As you read the scroll labelled AGAFORA REHUD, it crumbles to dust.
You speak a Word of immense power!
It was a scroll of holy word.
Something hits you but does no damage. x2; Something hits you.
* * * LOW HITPOINT WARNING * * *
Really read the scroll of noise? [Y]es or [N]o only, please.
Really read the scroll of noise?
Okay, then.
As you read the scroll labelled KEONNO HOBIRI, it crumbles to dust.
It is a scroll of amnesia.
You feel forgetful for a moment. You block something's attack.
Something hits you.
* * * LOW HITPOINT WARNING * * *
Something hits you but does no damage.
As you read the scroll labelled CABITTUSTRA, it crumbles to dust.
Magic quickly surges around you.
It was a scroll of vulnerability.
Something hits you.
* * * LOW HITPOINT WARNING * * *
Something hits you.
* * * LOW HITPOINT WARNING * * *
Something hits you.
* * * LOW HITPOINT WARNING * * *
It was a potion of brilliance.
You feel clever all of a sudden. Something hits you.
* * * LOW HITPOINT WARNING * * *
Something hits you!
You die...

########..## #########.##
#..........# ## #........o.# #[
#........o.# #. #......)...#
#######. #..........#
#########.....'.
#..........######.........#####.
#..........##D{@..######### #.
#...........oo##### #.
#..........#### #. #..........#
#) #.....>....# #. ############
##


You could see a four-headed hydra (weak-willed) and 2 orcs.

Vanquished Creatures
  2 two-headed ogres
  Pikel (D:5)
  Joseph (D:7)
  3 centaur zombies
  A troll (D:11)
  Sigmund (D:3)
  2 wraiths
  2 wyverns (D:8)
  15 yaks
  A steam dragon (D:8)
  5 water moccasins
  An acid dragon (D:10)
  2 ice beasts
  A necrophage (D:6)
  12 orc warriors
  4 ogres
  A wolf (D:10)
  12 centaurs
  A lemure (D:5)
  A phantom (D:5)
  2 kobold brigands (D:3)
  2 bullfrogs
  A wyvern zombie (D:8)
  4 gnoll sergeants (D:10)
  5 scorpions
  14 killer bees
  2 water moccasin skeletons
  2 jellies
  8 hounds
  5 orc priests
  2 gnoll shamans (D:10)
  2 bullfrog skeletons
  10 orc wizards
  Natasha (thrice) (D:3)
  4 iguanas
  A hound skeleton (D:5)
  Robin (D:3)
  32 gnolls
  A howler monkey zombie (D:8)
  8 adders
  A shadow imp (D:8)
  2 worms
  4 dart slugs
  71 orcs
  5 ball pythons
  12 endoplasms
  3 giant cockroaches
  22 goblins
  15 hobgoblins
  21 jackals
  10 kobolds
  2 quokkas (D:3)
  5 bats
  6 frilled lizards
  6 rats
363 creatures vanquished.

Vanquished Creatures (others)
  51 fungi (D:10)
  38 plants
89 creatures vanquished.

Grand Total: 452 creatures vanquished

Notes
Turn   | Place    | Note
-------+----------+-------------------------------------------
     0 | D:1      | Zeld the Octopode Fighter began the quest for the Orb.
     0 | D:1      | Reached XP level 1. HP: 16/16 MP: 1/1
    10 | D:1      | Found a faded altar of an unknown god.
   684 | D:1      | Reached XP level 2. HP: 21/21 MP: 2/2
  1220 | D:1      | Reached XP level 3. HP: 22/26 MP: 3/3
  1563 | D:2      | Reached XP level 4. HP: 27/33 MP: 4/4
  2071 | D:2      | Reached skill level 1 in Throwing
  2122 | D:2      | Found Lynk's Magic Scroll Emporium.
  2130 | D:2      | Bought a scroll of identify for 22 gold pieces
  2130 | D:2      | Bought a scroll of identify for 22 gold pieces
  2235 | D:3      | Reached skill level 2 in Throwing
  2235 | D:3      | Reached XP level 5. HP: 33/37 MP: 5/5
  2269 | D:3      | Noticed Natasha
  2275 | D:3      | Killed Natasha
  2361 | D:3      | Reached skill level 3 in Throwing
  2408 | D:3      | Noticed a kobold brigand
  2914 | D:2      | Reached XP level 6. HP: 11/43 MP: 6/6
  4022 | D:3      | Reached skill level 4 in Throwing
  4405 | D:3      | Noticed Sigmund
  4631 | D:3      | Killed Sigmund
  4632 | D:3      | Reached skill level 5 in Throwing
  4831 | D:3      | Noticed Natasha
  4834 | D:3      | Killed Natasha
  4834 | D:3      | Noticed Natasha
  4835 | D:3      | Reached XP level 7. HP: 41/47 MP: 7/7
  4840 | D:3      | Killed Natasha
  4886 | D:3      | Reached skill level 6 in Throwing
  5918 | D:3      | Noticed Robin
  5925 | D:3      | Killed Robin
  7063 | D:3      | Reached XP level 8. HP: 26/54 MP: 8/8
  7174 | D:2      | Bought a scroll of identify for 22 gold pieces
  7174 | D:2      | Bought a scroll of fear for 38 gold pieces
  7174 | D:2      | Bought a scroll of magic mapping for 38 gold pieces
  7546 | D:4      | Reached skill level 5 in Fighting
  7546 | D:4      | Reached skill level 5 in Shields
  8260 | D:4      | Identified a scroll of acquirement
  8261 | D:4      | Acquired 610 gold pieces
  8306 | D:2      | Bought a scroll of teleportation for 33 gold pieces
  8306 | D:2      | Bought a scroll of teleportation for 33 gold pieces
  8306 | D:2      | Bought 2 scrolls of enchant armour for 165 gold pieces
  8306 | D:2      | Bought a scroll of enchant armour for 82 gold pieces
  8306 | D:2      | Bought a scroll of enchant armour for 82 gold pieces
  8339 | D:5      | Entered Level 5 of the Dungeon
  8375 | D:5      | Reached skill level 7 in Throwing
  8918 | D:5      | Noticed Pikel
  8927 | D:5      | Killed Pikel
  8928 | D:5      | Reached skill level 8 in Throwing
  8928 | D:5      | Reached XP level 9. HP: 53/61 MP: 9/9
  9024 | D:5      | Reached skill level 9 in Throwing
  9034 | D:5      | Found a sparkling altar of Nemelex Xobeh.
  9372 | D:6      | Found a shimmering blue altar of Sif Muna.
  9558 | D:6      | Noticed a two-headed ogre
  9606 | D:5      | Reached skill level 10 in Throwing
 10071 | D:6      | Acquired a +0 hat
 10220 | D:6      | Found a bloodstained altar of Trog.
 10567 | D:6      | Found a bloodstained altar of Trog.
 10629 | D:6      | Found a shimmering blue altar of Sif Muna.
 10856 | D:6      | Killed a two-headed ogre
 10857 | D:6      | Reached skill level 11 in Throwing
 10857 | D:6      | Reached XP level 10. HP: 49/66 MP: 10/10
 11177 | D:7      | Identified the +0 robe "Zain" {+Inv rPois Str-3}
 11194 | D:7      | Found a staircase to the Ecumenical Temple.
 11307 | D:7      | Noticed Joseph
 13535 | D:7      | Killed Joseph
 13536 | D:7      | Reached skill level 12 in Throwing
 13914 | D:8      | Found a flagged portal.
 13947 | Bailey   | Entered a bailey
 13976 | Bailey   | Reached skill level 5 in Axes
 17843 | D:8      | Found a hide-covered altar of Uskayaw.
 18047 | D:8      | Reached skill level 13 in Throwing
 18484 | Temple   | Entered the Ecumenical Temple
 18575 | Temple   | Became a worshipper of Warmaster Okawaru
 18822 | D:8      | Reached XP level 11. HP: 61/72 MP: 11/11
 18832 | D:8      | Gained mutation: You are dopey. (Int -2) [potion of
                  | mutation]
 18832 | D:8      | Gained mutation: You occasionally shout uncontrollably at
                  | your foes. [potion of mutation]
 18832 | D:8      | Gained mutation: You are partially covered in iridescent
                  | scales. (AC +2) [potion of mutation]
 19243 | D:9      | Noticed a centaur warrior
 19567 | D:9      | Found a staircase to the Orcish Mines.
 19583 | D:9      | Noticed a two-headed ogre
 20032 | D:9      | Reached * piety under Okawaru
 20711 | D:9      | Killed a two-headed ogre
 20712 | D:9      | Reached skill level 14 in Throwing
 21635 | D:10     | Entered Level 10 of the Dungeon
 23302 | D:10     | Found an opulent altar of Gozag.
 23358 | D:10     | Found a radiant altar of Vehumet.
 23453 | D:10     | Reached skill level 15 in Throwing
 23541 | D:10     | Found a staircase to the Lair.
 23569 | D:10     | Reached ** piety under Okawaru
 23912 | D:10     | Found a staircase to the Lair.
 24221 | D:10     | Found an opulent altar of Gozag.
 24287 | D:10     | Found a radiant altar of Vehumet.
 24433 | D:11     | Found Woor's Weapon Boutique.
 24986 | D:11     | Noticed a two-headed ogre
 25355 | D:11     | Noticed a four-headed hydra
 25379 | D:11     | Slain by an unseen horror

Illustrated notes

Levels and vault maps discovered:
D:1:      dpeg_arrival_leaves_temple_mockup, layout_loops_ring,
          ebering_ecumenical_altar_webs
D:2:      layout_rooms, serial_shops, shop, grunt_ministairs_14,
          serial_bayou_lagoon_a, hangedman_decor_growths
D:3:      lemuel_castle_with_subvaults [lemuel_castle_interior_original],
          layout_basic, serial_bayou_pond_e, chequers_serial_rivers_large_a,
          minmay_quadrilaterals, uniq_sigmund, uniq_robin, uniq_natasha
D:4:      layout_loops_ring
D:5:      layout_loops_cross, nemelex_dance_club_becter, uniq_pikel
D:6:      layout_basic, trog_hazing_becter, nicolae_sif_muna_condensation
D:7:      layout_rooms, minmay_temple_entry_from_below_b, uniq_joseph
D:8:      layout_loops_ring, pf_just_have_faith, enter_bailey_3
D:9:      layout_irregular_city, orc_0_dummy, hangedman_abyss_or_decor_stabs
D:10:     layout_cave_pools, marbit_many_paths, lemuel_doored_altar,
          due_lair_maze_entry_diamond, serial_gnoll_camp, gnoll_camp_mini_hut,
          gnoll_camp_medium_01, gnoll_camp_mini_loothouse,
          gnoll_camp_mini_basic, gnoll_camp_mini_hut
D:11:     layout_roguey [special_room_orc], serial_shops, shop, shop,
          shop_fountains, nicolae_shop_crystal
Temple:   eino_temple_scatter_basement

Skill      XL: |  1  2  3  4  5  6  7  8  9 10 11 |
---------------+----------------------------------+-----
Axes           | 3 4 5 |  5.5
Throwing       | 2 3 5 6 8 11 13 15 | 15.5
Fighting       | 4 5 6 |  6.0
Shields        | 4 5 |  5.9
Dodging        | |  3.0

Action                   |  1- 3 |  4- 6 |  7- 9 | 10-12 || total
-------------------------+-------+-------+-------+-------++-------
Melee: War axe           |    49 |    95 |   234 |   421 ||   799
       Tentacles         |    11 |    15 |    49 |   115 ||   190
       Constrict         |    12 |    31 |    65 |    77 ||   185
       Punch             |       |       |       |     2 ||     2
Throw: Dart              |       |       |    34 |   159 ||   193
       Boomerang         |       |       |    13 |    26 ||    39
       Javelin           |       |       |       |     5 ||     5
Invok: Heroism           |       |       |       |     6 ||     6
Evoke: Wand              |       |       |       |     1 ||     1
  Use: Scroll            |       |     3 |    13 |    16 ||    32
       Potion            |       |     1 |       |     5 ||     6
 Stab: Sleeping          |    14 |     4 |     7 |     3 ||    28
       Distracted        |       |     1 |     1 |       ||     2
Armor: Skin              |     3 |     2 |    22 |   200 ||   227
Dodge: Dodged            |    18 |    51 |   103 |   237 ||   409
Block: Kite shield       |    12 |    49 |   139 |   465 ||   665

Table legend: (Time is in decaauts)
 A = Elapsed time spent in this place.
 B = Non-inter-level travel time spent in this place.
 C = Inter-level travel time spent in this place.
 D = Time resting spent in this place.
 E = Time spent auto-exploring this place.
 F = Levels seen in this place.
 G = Mean time per level.
                   A        B        C        D        E       F      G
               +--------+--------+--------+--------+--------+-----+--------+
         Total |  25758 |  25112 |    646 |  12575 |   8645 |  13 | 1981.4 |
       Dungeon |  22175 |  21570 |    605 |  10055 |   8119 |  11 | 2015.9 |
        Temple |    246 |    205 |     41 |      0 |    201 |   1 |  246.0 |
        Bailey |   3335 |   3335 |      0 |   2519 |    325 |   1 | 3335.0 |
               +--------+--------+--------+--------+--------+-----+--------+

Top non-repeatable levels by time:
  Bailey: 3335 daAuts
     D:2: 3000 daAuts
     D:9: 2863 daAuts
     D:3: 2859 daAuts
    D:10: 2851 daAuts
     D:7: 2748 daAuts
     D:8: 1993 daAuts
     D:6: 1549 daAuts
     D:1: 1531 daAuts
     D:5: 1273 daAuts
     D:4: 1117 daAuts
    D:11: 386 daAuts
  Temple: 246 daAuts
